 Dungeon Crawl Stone Soup version 0.25-a0-890-g62861fb195 (webtiles) character file.

Game seed: 16120224234740967391, levelgen mode: classic

13 Amnesiac the Chiller (level 2, -2/15 HPs)
             Began as a Deep Elf Ice Elementalist on May 3, 2020.
             Slain by a frilled lizard (3 damage)
             ... on level 2 of the Dungeon.
             The game lasted 00:00:36 (148 turns).

Amnesiac the Chiller (Deep Elf Ice Elementalist)     Turns: 148, Time: 00:00:37

Health: -2/15      AC:  2    Str:  5    XL:     2   Next: 24%
Magic:  1/8        EV: 13    Int: 19    God:
Gold:   26         SH:  0    Dex: 15    Spells: 6/7 levels left

rFire    . . .     SeeInvis .   (no weapon)
rCold    . . .     Gourm    .   (no shield)
rNeg     . . .     Faith    .   a - +0 robe
rPois    .         Spirit   .   (no helmet)
rElec    .         Reflect  .   (no cloak)
rCorr    .         Harm     .   (no gloves)
MR       .....                  (no boots)
Stlth    ++........             (no amulet)
HPRegen  0.05/turn              (no ring)
MPRegen  0.11/turn              (no ring)

@: lethally poisoned (-2 -> -7), very slightly contaminated
A: no striking features
a: no special abilities


You were on level 2 of the Dungeon.
You were not hungry.

You visited 1 branch of the dungeon, and saw 2 of its levels.

You collected 26 gold pieces.

Inventory:

Armour
 a - a +0 robe (worn)
Scrolls
 b - a scroll of fog {!r, unknown}
Comestibles
 c - 3 rations


   Skills:
 + Level 0.0 Fighting
 - Level 2.4 Dodging
 - Level 2.4 Stealth
 - Level 3.4 Spellcasting
 - Level 4.8 Ice Magic


You had 6 spell levels left.
You knew the following spells:

 Your Spells              Type           Power        Failure   Level  Hunger
a - Freeze                Ice            ###.         1%          1    None

Your spell library contained the following spells:

 Spells                   Type           Power        Failure   Level  Hunger
 Frozen Ramparts          Ice            ###...       6%          3    ###....
 Ozocubu's Armour         Chrm/Ice       ##......     16%         3    ###....
 Hailstorm                Conj/Ice       ##......     47%         4    ####...
 Summon Ice Beast         Ice/Summ       ##......     47%         4    ####...


Dungeon Overview and Level Annotations

Branches:
Dungeon (2/15)

Altars:


Message History

You now have 26 gold pieces (gained 6).
An adder comes into view.
You see here a scroll labeled SAPNE YPAMEUMU {!r}.
b - a scroll labeled SAPNE YPAMEUMU {!r} The adder hisses angrily.
Casting: Freeze (safe; 2% risk of failure)
Confirm with . or Enter, or press ? or * to list all spells.
Aiming: Freeze (safe; 2% risk of failure)
Press: ? - help, Shift-Dir - straight line, f - adder
Aim: an adder You freeze the adder.
The adder is heavily wounded.
The adder seems to slow down.
Casting: Freeze (safe; 2% risk of failure)
Confirm with . or Enter, or press ? or * to list all spells.
Aiming: Freeze (safe; 2% risk of failure)
Press: ? - help, Shift-Dir - straight line, f/p - adder
Aim: an adder (heavily wounded, slow)
You freeze the adder.
The adder is severely wounded.
The adder bites you.
Casting: Freeze (safe; 2% risk of failure)
Confirm with . or Enter, or press ? or * to list all spells.
Aiming: Freeze (safe; 2% risk of failure)
Press: ? - help, Shift-Dir - straight line, f/p - adder
Aim: an adder (severely wounded, slow)
You freeze the adder.
The adder is almost dead.
The adder seems to slow down.
The adder bites you.
You are lethally poisoned!
The adder poisons you!
A frilled lizard comes into view.
Casting: Freeze (safe; 2% risk of failure)
Confirm with . or Enter, or press ? or * to list all spells.
Aiming: Freeze (safe; 2% risk of failure)
Press: ? - help, Shift-Dir - straight line, f/p - adder
Aim: an adder (almost dead, slow)
You freeze the adder.
The adder is almost dead.
* * * LOW HITPOINT WARNING * * *
You feel sick. The adder bites you.
* * * LOW HITPOINT WARNING * * *
Casting: Freeze (safe; 2% risk of failure)
Confirm with . or Enter, or press ? or * to list all spells.
Aiming: Freeze (safe; 2% risk of failure)
Press: ? - help, Shift-Dir - straight line, f/p - adder
Aim: an adder (almost dead, slow)
You freeze the adder.
You kill the adder!
You have reached level 2!
* * * LOW HITPOINT WARNING * * *
You feel sick.
You aren't carrying any potions.
* * * LOW HITPOINT WARNING * * *
You feel sick.
Casting: Freeze (safe; 1% risk of failure)
Confirm with . or Enter, or press ? or * to list all spells.
Aiming: Freeze (safe; 1% risk of failure)
Press: ? - help, Shift-Dir - straight line, f - frilled lizard
Aim: a frilled lizard You miscast Freeze.
You are very lightly contaminated with residual magic.
Nothing appears to happen.
The frilled lizard bites you.
You die...

##........ .# #.# #..######
.# #.## ########..# #.#
#... #.........# ...###.##
##.######..####.# #..##..#
##...## #....)..# #..##..#
#.....####..####.###..##..#
#............#
#...<..##..##
#.....####.@.#
###.##.##...#
#..........l.#
##<..#.##.#.#
#...######...#
#.....(...#.# #...# #...#
#....#....... #..S#
......(...#######.# #....#
####.####.## .# #.!#.# .#
#.# .# ...#.. .# #.# .#
##..... #.#


You could see a frilled lizard.

Vanquished Creatures
  An adder (D:2)
  A goblin (D:1)
  2 kobolds (D:1)
  A rat (D:2)
5 creatures vanquished.

Notes
Turn   | Place    | Note
-------+----------+-------------------------------------------
     0 | D:1      | Amnesiac the Deep Elf Ice Elementalist began the quest for
                  | the Orb.
     0 | D:1      | Reached XP level 1. HP: 10/10 MP: 6/6
   144 | D:2      | Reached XP level 2. HP: 3/15 MP: 1/8
   148 | D:2      | Slain by a frilled lizard

Levels and vault maps discovered:
D:1:      minmay_arrival_four_houses, layout_basic, minmay_quantized
D:2:      layout_loops_ring, first_ration, minmay_rat_hole

Action                   || total
-------------------------++-------
 Cast: Freeze            ||    10
Armor: Robe              ||     1
Dodge: Dodged            ||     1

Table legend:
 A = Non-vault XP
 B = Vault XP
 C = Vault XP percentage of total XP
 D = Non-vault monster count
 E = Vault monster count
 F = Vault count percentage of total count
                 A         B        C        D         E       F
            +---------+---------+-------+---------+---------+-------
      Total |      19 |       0 |   0.0 |       5 |       0 |   0.0
            +---------+---------+-------+---------+---------+-------
        D:1 |       5 |       0 |   0.0 |       3 |       0 |   0.0
        D:2 |      14 |       0 |   0.0 |       2 |       0 |   0.0
            +---------+---------+-------+---------+---------+-------
